 Dungeon Crawl Stone Soup version 0.27-a0-277-g024f7ef292 (webtiles) character file.

Game seed: 15333395446408259380

633 Borgoz the Cudgeller (level 7, -8/44 HPs)
             Began as a Gargoyle Gladiator on Feb 5, 2021.
             Was an Initiate of Okawaru.
             Killed by divine providence
             ... invoked by an orc priest
              (15 damage)
             ... on level 4 of the Dungeon.
             The game lasted 00:05:01 (4615 turns).

Borgoz the Cudgeller (Gargoyle Gladiator)           Turns: 4615, Time: 00:05:02

Health: -8/44      AC: 11    Str: 17    XL:     7   Next: 49%
Magic:  7/7        EV: 12    Int:  9    God:    Okawaru [......]
Gold:   223        SH:  0    Dex: 13    Spells: 6/6 levels left

rFire    . . .     SeeInvis .   a - +0 flail
rCold    . . .     Faith    .   (no shield)
rNeg     + . .     Spirit   .   h - +0 ring mail
rPois    ∞         Reflect  .   c - +0 helmet
rElec    +         Harm     .   (no cloak)
rCorr    +         Rampage  .   (no gloves)
Will     .....                  (no boots)
Stlth    +.........             n - amulet of the acrobat
HPRegen  0.14/turn              i - ring of resist corrosion
MPRegen  0.10/turn              (no ring)

@: no status effects
A: negative energy resistance 1, electricity resistance, unbreathing,
petrification resistance, miasma immunity, AC +4
a: Renounce Religion


You were on level 4 of the Dungeon.
You worshipped Okawaru.
Okawaru was noncommittal.
You visited 2 branches of the dungeon, and saw 5 of its levels.

You collected 223 gold pieces.

Inventory:

Hand Weapons
 a - a +0 flail (weapon)
Missiles
 d - 3 throwing nets (quivered)
Armour
 c - a +0 helmet (worn)
 h - a +0 ring mail (worn)
Jewellery
 i - a ring of resist corrosion (left hand)
 n - an amulet of the acrobat (around neck)
Wands
 r - a wand of iceblast (12)
Scrolls
 e - 2 scrolls of identify
 g - 2 scrolls of teleportation
 l - a scroll of magic mapping
 o - 2 scrolls of remove curse
Potions
 b - a potion of brilliance
 f - a potion of mutation {unknown}
 k - 2 potions of haste
 m - a potion of curing
 p - a potion of flight


   Skills:
 + Level 4.7 Fighting
 + Level 4.9 Maces & Flails
 - Level 1.7 Throwing
 + Level 4.0 Armour
 + Level 4.1 Dodging


You had 6 spell levels left.
You didn't know any spells.
Your spell library was empty.

Dungeon Overview and Level Annotations

Branches:
Dungeon (4/15)             Temple (1/1) D:4

Altars:
Cheibriados
Dithmenos
Elyvilon
Fedhas
Gozag
Hepliaklqana
Kikubaaqudgha
Makhleb
Nemelex Xobeh
Okawaru
Qazlal
Sif Muna
Uskayaw
Vehumet
Yredelemnul
Zin


Innate Abilities, Weirdness & Mutations

You are resistant to torment.
Your stone body is resilient. (AC +4)
You are immune to poison.
You resist negative energy. (rN+)
You are resistant to electric shocks. (rElec)
You can survive without breathing.
You are immune to petrification.
You are immune to miasma.


Message History

There are monsters nearby!
The orc priest calls down the wrath of Beogh upon you.
Beogh smites you! The orc misses you.
There are monsters nearby!
You barely miss the orc. The orc hits you with a +0 club.
You closely miss the orc. The orc hits you but does no damage.
The orc priest invokes the aid of Beogh against you.
Beogh smites you!
You are too injured to fight recklessly!
You hit the orc but do no damage. The orc misses you.
The orc priest mumbles some strange prayers to Beogh against you.
Beogh smites you!
* * * LOW HITPOINT WARNING * * *
The orc hits you but does no damage.
You are too injured to fight recklessly!
You barely miss the orc.
An orc comes into view. It is wielding a +0 whip.
The orc priest invokes the aid of Beogh against you.
Beogh smites you!
You die...

####### #.....# #.###.#
##.###.###### #.###
#............
##...o######....#.#.###.
. #...ooo@........#.#.#
#. #
o###.#######...##.#.# #.
# #......#.# #. #
#..#####.# #. #
#........###. ######
##'######.... .....#
##...## #.### .###.#
##.....## #.# .###≈#
##.......###.#


You could see an orc priest and 4 orcs.

Vanquished Creatures
  An ogre (D:4)
  2 big kobolds (D:4)
  A scorpion (D:4)
  A hound (D:4)
  An orc priest (D:4)
  A bullfrog skeleton (D:4)
  An iguana (D:4)
  2 orc wizards (D:4)
  A worker ant (D:3)
  4 adders
  2 worms (D:3)
  3 dart slugs (D:1)
  4 leopard geckos
  13 orcs
  11 bats
  8 giant cockroaches
  13 hobgoblins
  8 jackals
  11 kobolds
  A quokka (D:3)
  5 frilled lizards
  15 goblins
  11 rats
120 creatures vanquished.

Vanquished Creatures (others)
  A kobold (D:3)
1 creature vanquished.

Grand Total: 121 creatures vanquished

Notes
Turn   | Place    | Note
-------+----------+-------------------------------------------
     0 | D:1      | Borgoz the Gargoyle Gladiator began the quest for the Orb.
     0 | D:1      | Reached XP level 1. HP: 12/12 MP: 1/1
     4 | D:1      | Noticed an anaconda
     7 | D:1      | Noticed a five-headed hydra
   270 | D:1      | Reached XP level 2. HP: 18/18 MP: 2/2
   504 | D:1      | Reached skill level 1 in Armour
   672 | D:1      | Reached XP level 3. HP: 22/22 MP: 3/3
  1583 | D:2      | Reached XP level 4. HP: 27/27 MP: 4/4
  2342 | D:3      | Reached XP level 5. HP: 14/32 MP: 5/5
  3650 | D:4      | Reached XP level 6. HP: 38/38 MP: 6/6
  3728 | D:4      | HP: 1/38 [orc wizard/puff of flame (13)]
  4019 | D:4      | Found a staircase to the Ecumenical Temple.
  4032 | Temple   | Entered the Ecumenical Temple
  4047 | Temple   | Became a worshipper of Warmaster Okawaru
  4283 | D:4      | Reached XP level 7. HP: 38/44 MP: 7/7
  4615 | D:4      | Killed from afar by an orc priest

Illustrated notes

Levels and vault maps discovered:
D:1:      sevenhm_arrival_forest_fort_small_2, layout_loops_corners,
          kennysheep_small_spiral, minmay_misc_feat_cross
D:2:      layout_rooms, chequers_jeans
D:3:      layout_loops_ring, minmay_goblin_kobold_house
D:4:      cheibrodos_thug_alley, layout_loops_corners,
          minmay_temple_entry_overgrown
Temple:   lightli_temple_of_artemis

Skill      XL: |  1  2  3  4  5  6  7 |
---------------+----------------------+-----
Armour         | 1 2 3 4 |  4.0
Fighting       | 3 4 |  4.7
Dodging        | 3 4 |  4.1
Maces & Flails | 4 |  4.9
Throwing       | |  1.7

Action                   |  1- 3 |  4- 6 |  7- 9 || total
-------------------------+-------+-------+-------++-------
Melee: Flail             |   146 |   270 |    60 ||   476
  Use: Scroll            |       |    12 |     1 ||    13
       Potion            |       |     2 |       ||     2
Armor: Leather armour    |    16 |       |       ||    16
       Ring mail         |    55 |   139 |    22 ||   216
Dodge: Dodged            |   101 |   208 |    28 ||   337

Table legend: (Time is in decaauts)
 A = Elapsed time spent in this place.
 B = Non-inter-level travel time spent in this place.
 C = Inter-level travel time spent in this place.
 D = Time resting spent in this place.
 E = Time spent auto-exploring this place.
 F = Levels seen in this place.
 G = Mean time per level.
                   A        B        C        D        E       F      G
               +--------+--------+--------+--------+--------+-----+--------+
         Total |   4716 |   4576 |    140 |    599 |   2991 |   5 |  943.2 |
       Dungeon |   4592 |   4466 |    126 |    599 |   2893 |   4 | 1148.0 |
        Temple |    123 |    109 |     14 |      0 |     98 |   1 |  123.0 |
               +--------+--------+--------+--------+--------+-----+--------+

Top non-repeatable levels by time:
     D:3: 1364 daAuts
     D:1: 1353 daAuts
     D:4: 1220 daAuts
     D:2: 654 daAuts
  Temple: 123 daAuts
